 Dungeon Crawl Stone Soup version 0.29-a0-1016-g236c7fd91e (webtiles) character file.

Game seed: 16084881649414889783

77 flotson the Sneak (level 4, -18/31 HPs)
             Began as a Demonspawn Delver on Aug 10, 2022.
             Killed by an exploding water moccasin (20 damage)
             ... ignited by their inner flame
             ... on level 3 of the Dungeon.
             The game lasted 00:04:35 (2781 turns).

flotson the Sneak (Demonspawn Delver)               Turns: 2781, Time: 00:04:36

Health: -18/31     AC: 12    Str: 15    XL:     4   Next: 14%
Magic:  0/4        EV: 11    Int: 11    God:
Gold:   102        SH:  0    Dex: 14    Spells: 3/3 levels left

rFire   . . .      SeeInvis .   l - +1 glaive
rCold   . . .      Faith    .   (shield currently unavailable)
rNeg    . . .      Spirit   +   q - +1 ring mail
rPois   .          Reflect  .   (no helmet)
rElec   .          Harm     .   (no cloak)
rCorr   .          Rampage  .   (no gloves)
Will    .....                   (no boots)
Stlth   ++........              k - amulet of guardian spirit
HPRegen 0.10/turn               (no ring)
MPRegen 0.09/turn               (no ring)

@: sanguine armoured, attractive, hasted, very quick
A: sanguine armour 1, frail 1
a: no special abilities


You were on level 3 of the Dungeon.
You visited 1 branch of the dungeon, and saw 5 of its levels.

You collected 102 gold pieces.

Inventory:

Hand Weapons
 a - a +0 hand axe
 l - a +1 glaive (weapon)
Missiles
 m - a curare-tipped dart (quivered)
Armour
 q - a +1 ring mail (worn)
Jewellery
 k - an amulet of guardian spirit (around neck)
Wands
 g - a wand of digging (3)
Scrolls
 c - 3 scrolls of fog
 h - a scroll of enchant armour
 j - a scroll of noise
 o - a scroll of enchant weapon
 s - a scroll of magic mapping
Potions
 i - a potion of attraction
 p - a potion of degeneration


   Skills:
 + Level 3.4 Fighting
 - Level 1.7(1.9) Axes
 + Level 1.0(1.5) Polearms
 + Level 0.8 Throwing
 + Level 1.2 Armour
 + Level 2.3 Dodging
 - Level 4.5 Stealth
 + Level 1.4 Evocations


You had 3 spell levels left.
You didn't know any spells.
Your spell library contained the following spells:

 Spells                   Type           Power      Damage    Failure   Level
 Apportation              Tloc           0%         N/A       56%         1
 Necrotise                Necr           0%         1d4       56%         1
 Summon Small Mammal      Summ           0%         N/A       56%         1


Dungeon Overview and Level Annotations

Branches:
Dungeon (5/15)             Temple (0/1) D:5

Altars:


Innate Abilities, Weirdness & Mutations

When seriously injured, your blood forms armour. (AC +6)
You are frail. (-10% HP)


Message History

The water moccasin is attracted toward you.
Your surroundings suddenly seem different.
(D) Dungeon (T) Temple
Where to? (Enter - Temple, ? - help)
The water moccasin is attracted toward you.
Okay, then.
Press: ? - help, v - describe, . - travel
Here: a water moccasin (inner flame)
The floor.
Throw: 2 darts (curare)
Press: ? - help, Q - select action Shift-Dir - straight line, f - water moccasin
Aim: a water moccasin (inner flame, 40% to hit)
You throw a curare-tipped dart.
The curare-tipped dart closely misses the water moccasin.
The water moccasin is attracted toward you.
Okay, then.
Unknown command.
As you read the scroll labelled NOYPOBB ICIRGH, it crumbles to dust.
It is a scroll of identify.
p - a potion of degeneration The water moccasin barely misses you.
It was a potion of mutation.
You feel extremely strange.
You feel frail.
The water moccasin bites you but does no damage.
Unknown command.
You closely miss the water moccasin. The water moccasin bites you.
* * * LOW HITPOINT WARNING * * *
The water moccasin bites you but does no damage.
Unknown command.
You barely miss the water moccasin. The water moccasin bites you.
* * * LOW HITPOINT WARNING * * *
You miss the water moccasin.
The water moccasin bites you but does no damage.
You slash the water moccasin!
Flame seeps out of the water moccasin.
The water moccasin is heavily wounded.
The water moccasin is engulfed in blazing flames.
The water moccasin explodes!
The fiery explosion engulfs you!!
Ouch! That really hurt!
You die...

#.####.####....#
#
#.####.####....#
#
#..............#
#
######.####....#
.
#####.####....##
..
#####.####.....#
.!
#####.####.....#
#####.#........##
#..§@§...[..#
##.#○.#######
#.#>§# #.#.##
#.#.# ##.#.#
#..#.#######
#.##(......#
#.########.#


There were no monsters in sight!

Vanquished Creatures
  A water moccasin (D:3)
  3 adders (D:2)
  2 dart slugs (D:1)
  An orc (D:5)
  An endoplasm (D:1)
  3 giant cockroaches (D:2)
  4 goblins
  3 hobgoblins
  4 jackals
  6 kobolds
  2 quokkas (D:2)
  2 ball pythons (D:1)
  3 bats
  5 frilled lizards
  4 rats
44 creatures vanquished.

Vanquished Creatures (others)
  A plant (D:3)
1 creature vanquished.

Grand Total: 45 creatures vanquished

Notes
Turn   | Place    | Note
-------+----------+-------------------------------------------
     0 | D:5      | flotson the Demonspawn Delver began the quest for the Orb.
     0 | D:5      | Reached XP level 1. HP: 18/18 MP: 1/1
   287 | D:5      | Noticed an ice beast
   299 | D:5      | Noticed an iguana
   299 | D:5      | Noticed an iguana
   305 | D:5      | Noticed a black bear
   305 | D:5      | Noticed a black bear
   305 | D:5      | Noticed a scorpion
   305 | D:5      | Noticed a jelly
   309 | D:5      | Noticed an ice beast
   354 | D:5      | Found a staircase to the Ecumenical Temple.
   355 | D:5      | Noticed a gnoll sergeant
   489 | D:4      | Noticed a water moccasin
   959 | D:3      | Gained mutation: When seriously injured, your blood forms
                  | armour. (AC +6) [demonic ancestry]
   959 | D:3      | Reached XP level 2. HP: 18/24 MP: 2/2
  1093 | D:2      | Reached skill level 1 in Evocations
  1225 | D:2      | Reached XP level 3. HP: 21/29 MP: 1/3
  1232 | D:2      | Reached skill level 1 in Armour
  2104 | D:1      | Found a faded altar of an unknown god.
  2622 | D:2      | Reached skill level 1 in Polearms
  2622 | D:2      | Reached XP level 4. HP: 35/35 MP: 4/4
  2777 | D:3      | Gained mutation: You are frail. (-10% HP) [potion of
                  | mutation]
  2779 | D:3      | HP: 1/31 [water moccasin (4)]
  2781 | D:3      | Killed a water moccasin
  2781 | D:3      | Killed by an exploding water moccasin... ignited by their
                  | inner flame

Illustrated notes

Levels and vault maps discovered:
D:1:      kennysheep_arrival_seaside, layout_basic,
          shapermc_ecumenical_altar_mp_urbaneastern
D:2:      layout_rooms, basic_altar
D:3:      layout_basic, nzn_overflow_gifts_of_might_and_magic, serial_shops,
          shop, reono_crystal_passage, chequers_big_river
D:4:      layout_cave_pools, slow_altar_2, okawaru_trees_1,
          minmay_misc_feat_more_columns, minmay_misc_feat_doors, eino_curves_02,
          st_stairs_2, hex_large, chequers_serial_rivers_micro_d
D:5:      layout_basic, kennysheep_little_box, minmay_temple_entry_stoned_glass,
          minivault_27, grunt_ministairs_1, nicolae_shop_i_like_big_books,
          minmay_pentangle

Skill      XL: |  1  2  3 |
---------------+----------+-----
Dodging        | 2 |  2.3
Evocations     | 1 |  1.4
Armour         | 1 |  1.2
Polearms       | 1 |  1.0
Fighting       | |  3.4
Axes           | |  1.7
Throwing       | |  0.8
Stealth        | |  4.5

Action                   |  1- 3 |  4- 6 || total
-------------------------+-------+-------++-------
Melee: Hand axe          |    36 |       ||    36
       Glaive            |   103 |    11 ||   114
Throw: Dart              |       |     5 ||     5
  Use: Scroll            |     2 |     6 ||     8
       Potion            |     1 |     6 ||     7
 Stab: Sleeping          |    13 |       ||    13
Armor: Leather armour    |    35 |       ||    35
       Ring mail         |    21 |     6 ||    27
Dodge: Dodged            |   100 |    11 ||   111

Table legend: (Time is in decaauts)
 A = Elapsed time spent in this place.
 B = Non-inter-level travel time spent in this place.
 C = Inter-level travel time spent in this place.
 D = Time resting spent in this place.
 E = Time spent auto-exploring this place.
 F = Levels seen in this place.
 G = Mean time per level.
                   A        B        C        D        E       F      G
               +--------+--------+--------+--------+--------+-----+--------+
         Total |   2834 |   2638 |    196 |      0 |   2125 |   5 |  566.8 |
       Dungeon |   2834 |   2638 |    196 |      0 |   2125 |   5 |  566.8 |
               +--------+--------+--------+--------+--------+-----+--------+

Top non-repeatable levels by time:
     D:1: 1132 daAuts
     D:3: 645 daAuts
     D:2: 542 daAuts
     D:5: 350 daAuts
     D:4: 163 daAuts
